 Dungeon Crawl Stone Soup version 0.26-a0-466-g989023bd0d (webtiles) character file.

Game seed: 8419917263670311654

142380 MrRokkomies the Hand of Fortune (level 17, -1/113 HPs)
             Began as a Kobold Hunter on July 29, 2020.
             Was the Champion of Nemelex Xobeh.
             Slain by a shambling mangrove (7 damage)
             ... on level 3 of the Swamp on July 30, 2020.
             The game lasted 02:13:34 (50950 turns).

MrRokkomies the Hand of Fortune (Kobold Hunter)    Turns: 50950, Time: 02:13:37

Health: -1/113     AC: 17    Str: 11    XL:     17   Next: 96%
Magic:  29/29      EV: 23    Int: 17    God:    Nemelex Xobeh [******]
Gold:   3650       SH:  0    Dex: 16    Spells: 4/23 levels left

rFire    + + .     SeeInvis .   w - +2 dagger (elec)
rCold    . . .     Faith    +   (shield restricted)
rNeg     . . .     Spirit   .   U - +0 swamp dragon scales
rPois    +         Reflect  .   V - +2 hat {MR+}
rElec    .         Harm     .   Y - +2 cloak {rF+}
rCorr    .                      h - +1 pair of gloves {archery}
MR       ++...                  f - +0 pair of boots {Fly}
Stlth    +++++.....             Z - amulet of faith
HPRegen  0.28/turn              H - ring of protection from fire
MPRegen  0.21/turn              W - +4 ring of evasion

@: grasped by roots, flying, constricted
A: small, nightstalker 3
a: Draw Escape, Draw Destruction, Draw Summoning, Triple Draw, Deal Four, Stack
Five, Renounce Religion, Stop Flying


You were on level 3 of the Swamp.
You worshipped Nemelex Xobeh.
Nemelex Xobeh was exalted by your worship.
You visited 4 branches of the dungeon, and saw 27 of its levels.
You also visited: Ossuary and Volcano.

You collected 3650 gold pieces.

Inventory:

Hand Weapons
 a - a +0 arbalest
 b - a +1 dagger of venom
 g - the +4 dagger "Morg" {pain, MR+ Int+5}
   (You found it on level 15 of the Dungeon)

   In the hands of one skilled in necromantic magic, it inflicts extra damage on
   living creatures.
   It affects your intelligence (+5).
   It affects your resistance to hostile enchantments.
 w - a +2 dagger of electrocution (weapon)
Missiles
 d - 178 bolts
 q - 49 poisoned darts (quivered)
 A - 4 throwing nets
 T - 14 curare-tipped darts
Armour
 f - a +0 pair of boots of flying (worn)
 h - a +1 pair of gloves of archery (worn)
 U - +0 swamp dragon scales (worn)
 V - a +2 hat of magic resistance (worn)
 Y - a +2 cloak of fire resistance (worn)
Jewellery
 t - an uncursed amulet of guardian spirit
 u - an uncursed ring of resist corrosion
 z - an uncursed ring of fire
 H - a ring of protection from fire (left hand)
 P - the ring of Anua {*Tele rElec MR+}
   (You found it on level 9 of the Dungeon)

   [ring of teleportation]

   It may teleport you next to monsters.
   It insulates you from electricity.
   It affects your resistance to hostile enchantments.
 W - a +4 ring of evasion (right hand)
 Z - an amulet of faith (around neck)
Wands
 v - a wand of flame (31)
 B - a wand of polymorph (8)
 C - a wand of disintegration (21)
 D - a wand of paralysis (25)
 L - a wand of digging (9)
 N - a wand of clouds (3)
 O - a wand of iceblast (10)
 Q - a wand of acid (15)
Scrolls
 l - 4 scrolls of magic mapping
 m - 3 scrolls of fog
 n - 7 scrolls of teleportation
 r - 10 scrolls of remove curse
 y - 4 scrolls of immolation
 F - 7 scrolls of amnesia
 I - 5 scrolls of fear
 J - 18 scrolls of identify
 K - 3 scrolls of enchant armour
 S - a scroll of blinking
 X - 4 scrolls of enchant weapon
Potions
 c - 4 potions of lignification
 e - 7 potions of curing
 i - 6 potions of flight
 j - 6 potions of stabbing
 k - 5 potions of magic
 o - 5 potions of haste
 p - 2 potions of berserk rage
 s - 5 potions of brilliance
 E - 2 potions of ambrosia
 G - 2 potions of might
 M - a potion of mutation
 R - 2 potions of resistance
Miscellaneous
 x - a tin of tremorstones (3/3)


   Skills:
 - Level 15.0 Fighting
 - Level 10.0 Short Blades
 * Level 14.0 Crossbows
 - Level 5.0 Armour
 + Level 13.6 Dodging
 - Level 10.9 Stealth
 + Level 3.7 Spellcasting
 - Level 5.0 Conjurations
 - Level 8.7 Hexes
 * Level 0.0 Necromancy
 - Level 16.0 Invocations


You had 4 spell levels left.
You knew the following spells:

 Your Spells              Type           Power        Failure   Level
a - Confusing Touch       Hex            ####....     3%          3
b - Tukima's Dance        Hex            ####....     3%          3
c - Dazzling Flash        Conj/Hex       ####..       6%          3
d - Invisibility          Hex            ####....     83%         6
e - Animate Dead          Necr           #.........   98%         4

Your spell library contained the following spells:

 Spells                   Type           Power        Failure   Level
 Corona                   Hex            ####...      1%          1
 Ensorcelled Hibernation  Hex/Ice        ###...       9%          2
 Animate Skeleton         Necr           #.....       34%         1
 Apportation              Tloc           #.....       34%         1
 Pain                     Necr           #...         34%         1
 Sandblast                Erth           #.....       34%         1
 Sting                    Tmut/Pois      #...         34%         1
 Summon Small Mammal      Summ           #...         34%         1
 Conjure Flame            Conj/Fire      ##......     36%         3
 Stone Arrow              Conj/Erth      ##....       36%         3
 Passwall                 Tmut/Erth      #.......     47%         2
 Poisonous Vapours        Pois/Air       #.....       47%         2
 Mephitic Cloud           Conj/Pois/Air  #.......     47%         3
 Gell's Gravitas          Tloc           #.........   71%         3
 Ignite Poison            Fire/Tmut/Pois #.......     71%         3
 Lesser Beckoning         Tloc           #.........   71%         3
 Vampiric Draining        Necr           #.........   71%         3
 Olgreb's Toxic Radiance  Pois           #.......     98%         4
 Petrify                  Tmut/Erth      #.......     98%         4
 Iskenderun's Battlesphe  Conj           ###.....     77%         5
 Metabolic Englaciation   Hex/Ice        ###.......   86%         5
 Yara's Violent Unravell  Hex/Tmut       ###.......   86%         5
 Bolt of Magma            Conj/Fire/Erth #.........   99%         5
 Agony                    Necr           #.......     100%        5
 Alistair's Intoxication  Tmut/Pois      #........    100%        5
 Lee's Rapid Deconstruct  Erth           #.........   100%        5
 Freezing Cloud           Conj/Ice/Air   #.........   100%        6
 Iron Shot                Conj/Erth      ##........   100%        6
 Orb of Destruction       Conj           ###.......   100%        7
 Spellforged Servitor     Conj/Summ      ##........   100%        7


Dungeon Overview and Level Annotations

Branches:
Dungeon (15/15)            Temple (0/1) D:6            Lair (6/6) D:9
  Swamp (4/4) Lair:3        Snake (0/4) Lair:4        Slime (0/5) Lair:6
    Orc (2/2) D:12            Elf (0/3) Orc:2        Vaults (0/5) D:14
 Depths (0/5) D:15        Ossuary (visited)         Volcano (visited)

Altars:
Dithmenos
Elyvilon
Kikubaaqudgha
Makhleb
Nemelex Xobeh
Sif Muna
Trog
Zin
Beogh
Jiyva

Shops:
Orc:2 }?[}


Innate Abilities, Weirdness & Mutations

You are small and have problems with some larger weapons.
You are completely attuned to the shadows.


Message History

You hit the shambling mangrove but do no damage.
The shambling mangrove is heavily damaged.
You hit the shambling mangrove but do no damage.
The shambling mangrove is heavily damaged.
The shambling mangrove barely misses you.
* * * LOW HITPOINT WARNING * * *
The grasping roots constrict you.
You hit the shambling mangrove.
The shambling mangrove is severely damaged.
Okay, then.
Unknown command.
You draw... (choose one card, ? for their descriptions)
a - the Elixir b - Velocity
c - the Cloud You have drawn the Elixir.
You begin rapidly regenerating magic.
The shambling mangrove hits you!!
* * * LOW HITPOINT WARNING * * *
You die...
Your body glows slightly and disappears.

≈≈≈..7 7(≈≈≈.≈..7
≈≈≈..77777.≈≈≈.≈.77
≈≈≈≈.≈≈≈≈77≈..7777
≈≈≈≈≈......≈..≈≈77
≈≈≈≈.....≈.77.≈≈.7777
...≈..≈...≈..≈777≈..77
..≈≈.≈≈≈≈≈≈≈≈≈≈≈..≈≈≈7
.≈≈≈.≈≈≈≈≈≈≈≈≈≈≈≈f≈≈≈7
.≈≈≈..§≈≈≈≈≈≈≈≈≈@7.≈.7
≈≈≈.†..≈≈≈≈.≈...77≈.777
≈≈.....≈≈≈≈≈≈..≈7777≈≈77
≈....≈≈≈≈≈≈≈≈≈≈77 7≈7≈[7
....77.......777


777777 .§77777§7...≈7 ^77...77≈..777 ≈≈7≈≈...≈§.7 .<...7..≈≈.7 You could see a
shambling mangrove.

Vanquished Creatures
  Frances (D:12)
  Gastronok (Lair:2)
  Kirke (D:12)
  Aizul (Swamp:3)
  A caustic shrike zombie (D:15)
  A juggernaut zombie (D:15)
  Josephine (Swamp:1)
  A fire dragon (Lair:6)
  2 yaktaur captains
  A vault guard (D:14)
  7 hydras
  3 shambling mangroves (Swamp:1)
  3 ghost crabs (Swamp:2)
  A death knight (D:14)
  5 alligators
  2 centaur warriors
  A deep troll earth mage (D:13)
  8 two-headed ogres
  3 death yaks (D:9)
  A vampire mage (D:15)
  3 orc high priests (Orc:2)
  A deep elf knight (D:14)
  Sonja (D:12)
  3 skeletal warriors
  3 fire crabs
  5 swamp dragons
  A phantasmal warrior (D:13)
  5 unseen horrors
  4 wizards
  3 orc knights
  A wolf spider zombie (D:15)
  2 deep elf magi
  3 necromancers
  A lindwurm (Orc:2)
  9 ugly things
  3 orc sorcerers (Orc:2)
  6 cyclopes
  2 manticores (D:14)
  2 salamanders (Volcano)
  A spectral centaur (D:15)
  2 elephants
  6 black mambas
  4 gargoyles
  2 molten gargoyles (Lair:6)
  Maggie (Lair:2)
  6 cane toads
  3 rime drakes
  A spriggan zombie (D:15)
  A freezing wraith (D:13)
  15 komodo dragons
  A tengu conjurer (D:14)
  A harpy zombie (D:14)
  9 tyrant leeches
  2 polar bears
  3 meliai (D:14)
  9 trolls
  Grinder (D:5)
  12 hornets
  8 bog bodies
  A raiju (Lair:6)
  21 slime creatures
  A dream sheep (Lair:5)
  14 blink frogs
  5 hippogriffs
  A centaur simulacrum (D:14)
  3 spriggans
  2 vampires
  4 shadows
  6 wyverns
  2 fire bats (Volcano)
  6 basilisks
  3 wraiths (Swamp:1)
  A hog (D:12)
  19 humans (D:14)
  An ice dragon skeleton (D:15)
  23 yaks
  A steam dragon (Lair:6)
  5 wargs
  16 vampire mosquitoes
  14 insubstantial wisps
  13 swamp worms
  A water moccasin (shapeshifter) (D:14)
  3 nagas (Lair:4)
  5 hell hounds
  4 porcupines
  16 orc warriors
  16 water moccasins
  An acid dragon (D:13)
  A black bear (Lair:4)
  A hornet zombie (D:15)
  5 sky beasts
  An ice beast (D:7)
  6 phantoms
  4 swamp drakes
  4 eyes of draining
  11 ogres
  11 wolves
  6 boggarts
  A necrophage (D:14)
  14 centaurs
  2 big kobolds
  8 crocodiles
  5 elf zombies (Ossuary)
  A gnoll sergeant (D:10)
  33 bullfrogs
  7 scorpions
  2 wyvern skeletons
  8 killer bees
  29 wights
  A vampire bat (D:6)
  2 electric eels
  5 howler monkeys
  2 bullfrog zombies
  5 lava snakes (Lair:6)
  5 centaur zombies
  4 human zombies (Ossuary)
  6 orc priests
  7 jellies
  A bullfrog skeleton (D:12)
  10 centaur skeletons
  8 hounds
  16 orc wizards
  Crazy Yiuf (D:5)
  3 iguanas
  22 worker ants
  7 hell rats
  2 hound skeletons
  2 hound zombies
  3 mummies (Ossuary)
  A howler monkey zombie (D:10)
  A worker ant zombie (D:11)
  4 gnolls (D:10)
  11 adders
  7 river rats
  A white imp (D:9)
  2 ufetubi
  2 oozes
  2 adder skeletons
  5 worms
  5 dart slugs
  7 leopard geckos
  71 orcs
  2 bat skeletons (D:6)
  3 bat zombies (D:6)
  7 giant cockroaches
  5 goblins
  5 hobgoblins
  12 jackals
  22 kobolds
  11 quokkas
  3 ball pythons
  18 bats
  7 frilled lizards
  20 rats
  3 fungi
  A plant (Lair:6)
909 creatures vanquished.

Vanquished Creatures (collateral kills)
  Donald (Swamp:3)
  Snorg (Lair:5)
  An ettin (Orc:2)
  2 two-headed ogres (D:13)
  A tengu warrior (D:14)
  A spriggan druid (Swamp:3)
  An ugly thing (D:12)
  A deep elf mage (D:14)
  A cane toad (Lair:5)
  A tengu conjurer (D:14)
  2 trolls (Orc:2)
  2 slime creatures (D:14)
  3 hornets
  A blink frog (Lair:5)
  A hog (shapeshifter) (D:14)
  2 yaks (Lair:5)
  A water moccasin (Lair:5)
  5 orc warriors
  2 wolves (Lair:5)
  An orc priest (Orc:2)
  A gnoll shaman (D:4)
  4 orc wizards (Orc:2)
  5 gnolls (D:4)
  5 orcs (Orc:2)
46 creatures vanquished.

Vanquished Creatures (others)
  An alligator (Swamp:2)
  A tyrant leech (Swamp:2)
  A blink frog (Lair:5)
  A hippogriff (Lair:1)
  A yak (Lair:5)
  A dancing weapon (D:15)
  2 swamp worms
  A bullfrog (D:13)
  A jelly (D:12)
  2 orc priests (Orc:2)
  2 orc wizards
  A worker ant (D:12)
  An ooze (Orc:2)
  20 fungi
  9 plants
  A withered plant (D:15)
46 creatures vanquished.

Grand Total: 1001 creatures vanquished

Notes
Turn   | Place    | Note
-------+----------+-------------------------------------------
     0 | D:1      | MrRokkomies the Kobold Hunter began the quest for the Orb.
     0 | D:1      | Reached XP level 1. HP: 12/12 MP: 1/1
   256 | D:1      | Reached skill level 5 in Crossbows
   256 | D:1      | Reached XP level 2. HP: 12/18 MP: 2/2
   601 | D:1      | Reached XP level 3. HP: 22/22 MP: 3/3
  1375 | D:2      | Found a sparkling altar of Nemelex Xobeh.
  1376 | D:2      | Found a glowing silver altar of Zin.
  1382 | D:2      | Found a shimmering blue altar of Sif Muna.
  1399 | D:2      | Reached XP level 4. HP: 27/28 MP: 4/4
  1417 | D:2      | Became a worshipper of Nemelex Xobeh the Trickster
  1491 | D:2      | Received a gift from Nemelex Xobeh
  1786 | D:2      | Noticed an ogre
  2333 | D:2      | Reached skill level 1 in Invocations
  2540 | D:2      | Received a gift from Nemelex Xobeh
  2675 | D:2      | Noticed a boggart
  2675 | D:2      | an ogre changed into a boggart
  2686 | D:2      | Killed a boggart
  2686 | D:2      | Reached XP level 5. HP: 18/33 MP: 4/6
  3188 | D:3      | Reached XP level 6. HP: 27/38 MP: 7/7
  3562 | D:3      | Reached * piety under Nemelex Xobeh
  4409 | D:4      | Received a gift from Nemelex Xobeh
  4444 | D:4      | Noticed a phantom
  4461 | D:4      | Killed a phantom
  4461 | D:4      | Reached skill level 2 in Invocations
  4573 | D:4      | Learned a level 3 spell: Confusing Touch
  4694 | D:4      | Reached XP level 7. HP: 26/44 MP: 5/8
  4933 | D:4      | Found a burning altar of Makhleb.
  4935 | D:4      | Noticed a blizzard demon
  4936 | D:4      | Noticed an orange demon
  4936 | D:4      | Noticed a smoke demon
  5117 | D:4      | Reached ** piety under Nemelex Xobeh
  5177 | D:4      | Received a gift from Nemelex Xobeh
  5190 | D:4      | Reached skill level 5 in Fighting
  5471 | D:4      | Got a bloodstained hand axe
  5472 | D:4      | Identified the +5 hand axe of Watchfulness {elec, Dex+5}
                  | (You found it on level 4 of the Dungeon)
  5919 | D:5      | Entered Level 5 of the Dungeon
  5921 | D:5      | Reached skill level 3 in Invocations
  6068 | D:5      | Received a gift from Nemelex Xobeh
  6169 | D:5      | Reached *** piety under Nemelex Xobeh
  6322 | D:5      | Reached XP level 8. HP: 47/49 MP: 8/10
  6443 | D:5      | Reached skill level 4 in Invocations
  6644 | D:5      | Reached skill level 5 in Dodging
  6720 | D:5      | Found a runed translucent door.
  6723 | D:5      | Noticed Crazy Yiuf
  6733 | D:5      | Killed Crazy Yiuf
  7111 | D:5      | Found a shadowy altar of Dithmenos.
  7134 | D:5      | Reached skill level 5 in Invocations
  7297 | D:5      | Noticed Grinder
  7298 | D:5      | Killed Grinder
  7298 | D:5      | Reached XP level 9. HP: 54/54 MP: 11/13
  7608 | D:6      | Reached skill level 5 in Stealth
  7651 | D:6      | Reached skill level 6 in Invocations
  7808 | D:6      | Got a spiked leather armour
  7819 | D:6      | Identified the +0 leather armour "Xeef" {rElec MR- Str+4}
                  | (You found it on level 6 of the Dungeon)
  8135 | D:6      | Found a staircase to the Ecumenical Temple.
  8284 | D:6      | Received a gift from Nemelex Xobeh
  8566 | D:6      | Found an ancient bone altar of Kikubaaqudgha.
  8729 | D:7      | Reached **** piety under Nemelex Xobeh
  8777 | D:7      | Found a bloodstained altar of Trog.
  8898 | D:7      | Reached skill level 7 in Invocations
  9041 | D:7      | Reached skill level 10 in Crossbows
  9111 | D:7      | Received a gift from Nemelex Xobeh
  9320 | D:7      | Reached XP level 10. HP: 59/59 MP: 15/15
  9813 | D:8      | Noticed a two-headed ogre
  9841 | D:8      | Found a sand-covered staircase.
  9857 | D:8      | Killed a two-headed ogre
  9857 | D:8      | Reached skill level 8 in Invocations
  9884 | Ossuary  | Entered an ossuary
  9986 | Ossuary  | Reached skill level 9 in Invocations
 10310 | D:8      | Received a gift from Nemelex Xobeh
 10470 | D:8      | Reached ***** piety under Nemelex Xobeh
 10518 | D:8      | Received a gift from Nemelex Xobeh
 10868 | D:9      | Noticed a death yak
 10870 | D:9      | Killed a death yak
 10872 | D:9      | Found a staircase to the Lair.
 10872 | D:9      | Noticed a death yak
 10872 | D:9      | Noticed a death yak
 10874 | D:9      | Killed a death yak
 10874 | D:9      | Reached skill level 10 in Invocations
 10874 | D:9      | Reached XP level 11. HP: 59/63 MP: 7/18
 10880 | D:9      | Killed a death yak
 11121 | D:9      | Found a white marble altar of Elyvilon.
 11282 | D:9      | Got a blackened scale mail
 11293 | D:9      | Identified the +3 scale mail of the Slug {rElec Str-3 Int+4
                  | Dex+3} (You found it on level 9 of the Dungeon)
 11509 | D:9      | Reached skill level 10 in Stealth
 11509 | D:9      | Reached skill level 11 in Invocations
 11563 | D:9      | Got a scorched wooden ring
 11626 | D:9      | Identified the ring of Anua {*Tele rElec MR+} (You found it
                  | on level 9 of the Dungeon)
 12292 | Lair:1   | Entered Level 1 of the Lair of Beasts
 13226 | Lair:1   | Reached skill level 10 in Dodging
 13860 | Lair:2   | Noticed Maggie
 13871 | Lair:2   | Killed Maggie
 13871 | Lair:2   | Reached skill level 12 in Invocations
 13887 | Lair:2   | Noticed Gastronok
 13904 | Lair:2   | Killed Gastronok
 13904 | Lair:2   | Reached skill level 1 in Hexes
 13904 | Lair:2   | Reached XP level 12. HP: 60/70 MP: 18/21
 14145 | Lair:2   | Received a gift from Nemelex Xobeh
 14344 | Lair:2   | Received a gift from Nemelex Xobeh
 14969 | Lair:2   | Received a gift from Nemelex Xobeh
 15260 | Lair:3   | Reached skill level 1 in Short Blades
 15660 | Lair:3   | HP: 3/71 [swamp worm (7)]
 16097 | Lair:3   | Found a staircase to the Swamp.
 16682 | Lair:4   | You fall into a shaft and drop 1 floor!
 16735 | Lair:5   | Reached skill level 1 in Armour
 16761 | Lair:5   | Received a gift from Nemelex Xobeh
 16912 | Lair:5   | Found a dark tunnel.
 16918 | Volcano  | Entered a volcano
 17015 | Volcano  | Noticed a two-headed ogre
 17031 | Volcano  | Killed a two-headed ogre
 17031 | Volcano  | Reached skill level 13 in Invocations
 17316 | Volcano  | Noticed a fire crab
 17316 | Volcano  | a salamander changed into a fire crab
 17622 | Volcano  | Killed a fire crab
 17624 | Volcano  | Got an ichor-stained helmet
 17635 | Volcano  | Identified the +1 helmet of Kopauxt {+Fly} (You found it in
                  | a volcano)
 17810 | Lair:5   | Reached XP level 13. HP: 42/78 MP: 13/22
 17838 | Lair:5   | Reached XP level 14. HP: 56/91 MP: 18/23
 18901 | Lair:5   | Reached skill level 5 in Short Blades
 19835 | Lair:4   | Received a gift from Nemelex Xobeh
 19898 | Lair:4   | Found a staircase to the Snake Pit.
 20324 | Lair:4   | Received a gift from Nemelex Xobeh
 20920 | Lair:6   | Entered Level 6 of the Lair of Beasts
 21843 | Lair:5   | Reached skill level 5 in Hexes
 22330 | Lair:6   | Reached skill level 14 in Invocations
 22633 | Lair:6   | Noticed Snorg
 22979 | Lair:5   | Killed Snorg
 24159 | Lair:6   | Found a viscous altar of Jiyva.
 24159 | Lair:6   | Found a staircase to the Slime Pits.
 25237 | Lair:6   | Found a large runed translucent door.
 25237 | Lair:6   | Found a large runed translucent door.
 26123 | D:10     | Entered Level 10 of the Dungeon
 26129 | D:10     | Found a roughly hewn altar of Beogh.
 26191 | D:10     | Reached XP level 15. HP: 81/96 MP: 22/25
 26644 | D:10     | Learned a level 3 spell: Tukima's Dance
 26648 | D:10     | Learned a level 3 spell: Dazzling Flash
 27615 | D:11     | Reached skill level 10 in Short Blades
 27926 | D:11     | Received a gift from Nemelex Xobeh
 28006 | D:11     | Reached skill level 15 in Invocations
 28286 | D:11     | Reached skill level 1 in Conjurations
 28745 | D:11     | Received a gift from Nemelex Xobeh
 29151 | D:12     | Noticed Frances
 29413 | D:12     | Reached skill level 5 in Armour
 29488 | D:12     | Received a gift from Nemelex Xobeh
 29980 | D:12     | Noticed Kirke
 29992 | D:12     | Killed Kirke
 30338 | D:12     | Found a staircase to the Orcish Mines.
 30359 | D:12     | Noticed Sonja
 30360 | D:12     | Killed Frances
 30360 | D:12     | Killed Sonja
 30798 | Orc:1    | Entered Level 1 of the Orcish Mines
 31019 | Orc:2    | Entered Level 2 of the Orcish Mines
 31856 | Orc:2    | Received a gift from Nemelex Xobeh
 31910 | Orc:2    | Found a staircase to the Elven Halls.
 32358 | Orc:2    | Paralysed by an orc sorcerer for 4 turns
 33021 | Orc:2    | Found Cuciddecheh's Gadget Emporium.
 33021 | Orc:2    | Found Uphaehat's Armour Boutique.
 33260 | Orc:1    | Received a gift from Nemelex Xobeh
 33405 | Orc:2    | Reached skill level 5 in Conjurations
 33850 | Orc:2    | Found Uweech's Magic Scroll Emporium.
 33850 | Orc:2    | Found Ynoet's Gadget Boutique.
 34321 | D:13     | Reached XP level 16. HP: 88/103 MP: 15/27
 34583 | D:13     | Received a gift from Nemelex Xobeh
 34933 | D:13     | Identified the +1 flail of Destiny {antimagic, +Blink rPois
                  | rC- Stlth+}
 35266 | D:13     | Found a shimmering blue altar of Sif Muna.
 35269 | D:13     | Found a burning altar of Makhleb.
 35992 | D:13     | Received a gift from Nemelex Xobeh
 38473 | D:14     | Found a gate to the Vaults.
 38666 | D:14     | Received a gift from Nemelex Xobeh
 38996 | D:15     | Entered Level 15 of the Dungeon
 39980 | D:15     | Found a staircase to the Depths.
 41047 | D:15     | Received a gift from Nemelex Xobeh
 41224 | D:15     | Found the +4 dagger "Morg" {pain, MR+ Int+5}
 41264 | D:15     | Reached XP level 17. HP: 105/111 MP: 28/28
 41300 | D:15     | Identified the cursed +2 broad axe of Glory {venom, rPois
                  | rF+++ Dex-3 Stlth+} (You found it on level 15 of the
                  | Dungeon)
 41621 | D:15     | Found a shimmering blue altar of Sif Muna.
 43397 | Lair:1   | Learned a level 6 spell: Invisibility
 43474 | Swamp:1  | Entered Level 1 of the Swamp
 43494 | Swamp:1  | Received a gift from Nemelex Xobeh
 44726 | Swamp:1  | Reached ****** piety under Nemelex Xobeh
 44872 | Swamp:1  | Noticed Josephine
 44915 | Swamp:1  | Killed Josephine
 46308 | Swamp:1  | Received a gift from Nemelex Xobeh
 46701 | Swamp:1  | Identified the -1 trident of Makhleb's Favour {freeze, rC+
                  | Str+3}
 47210 | Swamp:2  | Reached skill level 16 in Invocations
 47677 | Swamp:2  | Identified the +1 long sword of the Shore {venom, *Contam
                  | rN+ Str+2} (You found it on level 2 of the Swamp)
 47763 | Swamp:2  | Received a gift from Nemelex Xobeh
 47775 | Swamp:2  | Reached skill level 15 in Fighting
 47990 | Swamp:2  | Reached skill level 1 in Spellcasting
 49480 | Swamp:3  | Noticed Aizul
 49488 | Swamp:3  | Killed Aizul
 49510 | Swamp:3  | Noticed Donald
 49515 | Swamp:3  | Killed Donald
 49757 | Swamp:3  | Received a gift from Nemelex Xobeh
 50296 | Swamp:3  | Received a gift from Nemelex Xobeh
 50480 | Swamp:4  | Entered Level 4 of the Swamp
 50918 | Swamp:4  | Learned a level 4 spell: Animate Dead
 50950 | Swamp:3  | Slain by a shambling mangrove

Illustrated notes

Levels and vault maps discovered:
D:1:      nzn_arrival_depleted_hourglass, layout_basic, serial_curves,
          eino_curves_03, eino_curves_02
D:2:      layout_basic, lemuel_doored_altar, gammafunk_temple_overflow_statue
D:3:      minmay_spotlight, layout_loops_ring
D:4:      layout_layer_cave, makhleb_altar_promises_db
D:5:      layout_basic, grunt_dithmenos_smoke, minmay_joined_circles,
          uniq_grinder, uniq_crazy_yiuf_cottage
D:6:      layout_loops_ring, kennysheep_vampire_church,
          minmay_temple_entry_statues_pillars, eino_tiny_chamber
D:7:      layout_basic, hangedman_decor_diamond_cutter, grunt_ministairs_4,
          trog_three_pillars_becter
D:8:      layout_rooms, nicolae_ossuary_entry_ruins
D:9:      layout_basic, elyvilon_altar_4, dpeg_lair_monsters,
          hangedman_abyss_or_decor_lesser_grid
D:10:     layout_roguey [special_room_orc]
D:11:     layout_cave_pools
D:12:     layout_irregular_city, minmay_orc_entry_guard_dogs,
          serial_column_ruins, column_ruins_hut_ruined,
          column_ruins_courtyard_long, column_ruins_open_medium,
          column_ruins_columns_corner, column_ruins_corridor_straight,
          column_ruins_grid_1, grunt_ministairs_5, uniq_frances, uniq_kirke,
          uniq_sonja
D:13:     layout_loops_cross, jmf_multi_god_temple
D:14:     minmay_isolated_rectangles_in_corner, layout_cross,
          grunt_vaults_entry_tiered, serial_park_square2,
          nicolae_straight_to_the_point
D:15:     gammafunk_depths_entry_grave, layout_irregular_city,
          lemuel_blue_sif_altar, hangedman_weighted_door
Lair:1:   layout_roguey, serial_bayou_pond_d, serial_bayou_shore_a
Lair:2:   layout_small_grid, serial_rivers, chequers_serial_rivers_micro_b,
          chequers_serial_rivers_micro_e, chequers_serial_rivers_small_3,
          chequers_serial_rivers_small_3, infiniplex_staircase_pool,
          uniq_maggie, uniq_gastronok
Lair:3:   layout_loops_ring, nicolae_swamp_entry_splash_gauntlet
Lair:4:   layout_regular_city, minmay_snake_entry_guardpost_small
Lair:5:   layout_loops_ring, enter_volcano_2
Lair:6:   cheibrodos_lair_end_hotspot, layout_concentric_octagons,
          slime_altar_1, kennysheep_abandoned_house, uniq_snorg
Swamp:1:  layout_basic_swamp, serial_swamp_ruin, evilmike_swamp_ruin_house_3,
          evilmike_swamp_ruin_house_4, cheibrodos_swamp_pet_leeches,
          uniq_josephine
Swamp:2:  layout_falls_marsh, evilmike_swamp_ruin_rubble_1
Swamp:3:  layout_basic_swamp, evilmike_swamp_ruin_wall, uniq_donald, uniq_aizul
Swamp:4:  swamp_basic_johnstein, layout_basic_swamp
Orc:1:    layout_diamond_mine
Orc:2:    grunt_orc_tribal_feast, layout_caves, nicolae_orc_rockfall

Skill      XL: |  1  2  3  4  5  6  7  8  9 10 11 12 13 14 15 16 17 |
---------------+----------------------------------------------------+-----
Crossbows      | 5 6 7 8 10 11 14 | 14.0
Stealth        | 2 3 4 6 9 10 | 10.9
Fighting       | 3 4 5 6 8 11 12 14 15 | 15.0
Dodging        | 3 4 5 6 8 10 11 12 13 | 13.6
Invocations    | 1 2 3 5 7 10 12 13 14 15 16 | 16.0
Hexes          | 1 3 5 8 |  8.7
Short Blades   | 3 4 9 10 | 10.0
Armour         | 1 2 4 5 |  5.0
Conjurations   | 5 |  5.0
Spellcasting   | 3 |  3.7

Action                   |  1- 3 |  4- 6 |  7- 9 | 10-12 | 13-15 | 16-18 || total
-------------------------+-------+-------+-------+-------+-------+-------++-------
Melee: Short sword       |   102 |   188 |       |       |       |       ||   290
       Dagger            |       |    17 |    66 |   297 |  1928 |  2028 ||  4336
       Hand axe          |       |       |   154 |   293 |       |       ||   447
       Unarmed           |       |       |       |       |     4 |       ||     4
 Fire: Hand crossbow     |     9 |    50 |     7 |    35 |   152 |     9 ||   262
       Arbalest          |       |       |       |       |       |   271 ||   271
Throw: Dart              |       |       |       |     2 |       |       ||     2
 Cast: Tukima's Dance    |       |       |       |       |    12 |     5 ||    17
       Confusing Touch   |       |       |       |       |     7 |    21 ||    28
       Dazzling Flash    |       |       |       |       |     1 |     7 ||     8
Invok: Draw Destruction  |       |     4 |     4 |    20 |    32 |    13 ||    73
       Draw Summoning    |       |       |     1 |     1 |     7 |    10 ||    19
       Deal Four         |       |       |       |     2 |     1 |       ||     3
       Triple Draw       |       |       |       |     7 |     2 |     2 ||    11
       Draw Stack        |       |       |       |       |     5 |       ||     5
       Stack Five        |       |       |       |       |     1 |       ||     1
       Draw Escape       |       |       |       |       |       |     1 ||     1
Evoke: Wand              |       |       |       |     1 |     2 |     2 ||     5
  Use: Scroll            |     4 |     4 |     9 |     7 |    15 |     8 ||    47
       Potion            |     2 |     1 |       |     9 |     1 |     3 ||    16
 Stab: Sleeping          |    15 |    15 |    23 |    19 |    58 |    28 ||   158
       Distracted        |       |       |       |     3 |     8 |     7 ||    18
       Confused          |       |       |       |       |     4 |    29 ||    33
       Invisible         |       |       |       |       |       |    17 ||    17
       Petrified         |       |       |       |       |       |     4 ||     4
       Petrifying        |       |       |       |       |       |     2 ||     2
Armor: Leather armour    |    24 |    68 |    46 |    35 |       |       ||   173
       Scale mail        |       |       |       |    47 |       |       ||    47
       Swamp dragon scal |       |       |       |    56 |   468 |   465 ||   989
Dodge: Dodged            |   103 |   229 |   200 |   587 |  1589 |  1775 ||  4483

Table legend: (Time is in decaauts)
 A = Elapsed time spent in this place.
 B = Non-inter-level travel time spent in this place.
 C = Inter-level travel time spent in this place.
 D = Time resting spent in this place.
 E = Time spent auto-exploring this place.
 F = Levels seen in this place.
 G = Mean time per level.
                   A        B        C        D        E       F      G
               +--------+--------+--------+--------+--------+-----+--------+
         Total |  49323 |  47685 |   1638 |  15962 |  22614 |  29 | 1700.8 |
       Dungeon |  25313 |  24297 |   1016 |   6831 |  12552 |  15 | 1687.5 |
          Lair |  12779 |  12337 |    442 |   4530 |   5647 |   6 | 2129.8 |
         Swamp |   7184 |   7082 |    102 |   2805 |   3321 |   4 | 1796.0 |
  Orcish Mines |   2957 |   2880 |     77 |   1282 |   1094 |   2 | 1478.5 |
       Ossuary |    225 |    225 |      0 |     13 |      0 |   1 |  225.0 |
       Volcano |    863 |    863 |      0 |    499 |      0 |   1 |  863.0 |
               +--------+--------+--------+--------+--------+-----+--------+

Top non-repeatable levels by time:
  Lair:5: 4172 daAuts
    D:14: 3964 daAuts
 Swamp:1: 3377 daAuts
  Lair:6: 2796 daAuts
    D:13: 2380 daAuts
 Swamp:2: 2313 daAuts
    D:15: 2260 daAuts
    D:12: 1955 daAuts
     D:5: 1697 daAuts
  Lair:1: 1649 daAuts
   Orc:2: 1573 daAuts
     D:9: 1572 daAuts
     D:2: 1558 daAuts
     D:4: 1547 daAuts
    D:10: 1503 daAuts
